 Dungeon Crawl Stone Soup version 0.13-a0-1638-g9943704 (webtiles) character file.

13417 Kae the Basher (level 11, 0/96 HPs)
             Began as a Minotaur Berserker on June 17, 2013.
             Was a High Priest of Trog.
             Blown up by an orc (22 damage)
             ... with a wand of disintegration
             ... on Level 11 of the Dungeon.
             The game lasted 00:25:08 (11781 turns).

Kae the Basher (Minotaur Berserker)                Turns: 11781, Time: 00:25:08

HP   0/96        AC  9     Str 22      XL: 11   Next: 69%
MP   1/1         EV 19     Int  4      God: Trog [*****.]
Gold 465         SH  0     Dex 12 (13) Spells:  0 memorised, 10 levels left

Res.Fire  : . . .   See Invis. : .   Z - +1,+3 eveningstar (antimagic)
Res.Cold  : . . .   Warding    : .   b - +1 animal skin
Life Prot.: . . .   Conserve   : .   (no shield)
Res.Poison: +       Res.Corr.  : .   (helmet restricted)
Res.Elec. : .       Clarity    : .   m - +0 cloak
Sust.Abil.: . .     Spirit.Shd : .   g - +1 pair of gauntlets
Res.Mut.  : .       Stasis     : .   Q - +0 pair of boots {run}
Res.Rott. : .       Flight     : .   y - amulet of the gourmand
Gourmand  : +                        (no ring)
                                     C - ring of poison resistance

@: short of breath, exhausted, slowed, slow, somewhat resistant to hostile
enchantments, unstealthy
A: retaliatory headbutt, horns 2, EV +2
a: Burn Spellbooks, Berserk, Trog's Hand, Brothers in Arms, Renounce Religion


You were on level 11 of the Dungeon.
You worshipped Trog.
Trog was extremely pleased with you.
You were very full.

You visited 2 branches of the dungeon, and saw 13 of its levels.
You also visited: Ossuary.

You collected 478 gold pieces.
You spent 33 gold pieces at shops.

Inventory:

Hand weapons
 Z - a +1,+3 anti-magic eveningstar (weapon)
Missiles
 x - a poisoned needle
Armour
 b - a +1 animal skin (worn)
 g - a +1 pair of gauntlets (worn)
 m - a +0 cloak (worn)
 Q - a +0 pair of boots of running (worn)
Magical devices
 K - a wand of disintegration (11)
 M - a wand of lightning (2)
 R - a wand of teleportation (1)
Comestibles
 c - 4 bread rations
 j - 2 apples
 o - 2 chokos
 s - 3 chunks of centaur flesh
 z - 5 meat rations
 A - an orange
 B - 20 grapes
Scrolls
 a - a scroll of enchant weapon III {unknown}
 d - 2 scrolls of enchant weapon II
 l - 2 scrolls of fear
 w - 11 scrolls of identify
 E - 5 scrolls of remove curse
 H - a scroll of recharging
 L - 3 scrolls of magic mapping
 T - 2 scrolls of vulnerability {unknown}
 U - a scroll of enchant weapon I
 X - a scroll of blinking {unknown}
Jewellery
 h - an uncursed amulet of faith
 p - a cursed ring of life protection {unknown}
 y - an amulet of the gourmand (around neck)
 C - a ring of poison resistance (left hand)
 G - an uncursed amulet of rage
Potions
 e - 2 potions of invisibility {unknown}
 f - 6 potions of curing
 i - 3 potions of restore abilities
 k - 4 potions of speed {unknown}
 n - 5 potions of heal wounds {unknown}
 q - a potion of porridge {unknown}
 t - a potion of cure mutation {unknown}
 D - 2 potions of agility {unknown}
 F - a potion of might
 I - a potion of brilliance {unknown}
 J - 4 potions of poison {unknown}
 O - a potion of confusion {unknown}
 S - a potion of magic
 V - a potion of resistance {unknown}


   Skills:
 + Level 11.1 Fighting
 * Level 14.6 Maces & Flails
 + Level 10.7 Armour
 + Level 9.7 Dodging


You had 10 spell levels left.
You didn't know any spells.

Dungeon Overview and Level Annotations

Branches:
Dungeon (12/27)            Temple (1/1) D:4             Orc (0/4) D:11
   Lair (0/8) D:10

Altars:
Fedhas
Makhleb
Okawaru
Vehumet
Zin

Shops:
D:10: [

Annotations
D:3 exclusion: oklob plant
D:8 Psyche
D:11 Sonja


Innate Abilities, Weirdness & Mutations

You reflexively headbutt those who attack you in melee.
You have a pair of horns on your head.
You are surrounded by a mild repulsion field (EV +2).


Message History

Okay, then.
That item cannot be evoked!
Evoke which item? (* to show all) (? for menu, Esc to quit)
Zapping:
K - a wand of disintegration {zapped: 1}
Press: ? - help, Shift-Dir - straight line You hear a grinding noise.
The ogre turns to fight!
The swamp drake turns to fight!
The orc wizard mumbles some strange words.
The orc wizard blinks!
An orc and a skeleton come into view.
An orc priest comes into view. It is wielding an orcish flail.
Evoke which item? (* to show all) (? for menu, Esc to quit)
Zapping:
K - a wand of disintegration {zapped: 2}
Press: ? - help, Shift-Dir - straight line You hear a grinding noise.
The yak seems to regain its courage.
The yak turns to fight!
The orc zaps a wand.
You are blasted!
* * * LOW HITPOINT WARNING * * *
The yak seems to regain its courage.
The orc zaps a wand.
You are blasted!
You die...

### #@#
########.###
..o..o.).!.#
....o!.....#
..Z...>...#
.........lo/
.!.....Y....#
.....#!...≈#
....#.Y.YY#


You could see 2 yaks, a swamp drake and an orc.

Vanquished Creatures
  Harold (D:11)
  Josephine (D:11)
  Erolcha (D:9)
  Joseph (D:7)
  A hill giant (D:11)
  A hydra zombie (D:11)
  The ghost of patman the Conjurer, an experienced DECj of Vehumet (D:9)
  A griffon zombie (D:11)
  Maurice (D:11)
  A hill giant zombie (D:11)
  A komodo dragon (D:10)
  A trapdoor spider simulacrum (D:11)
  A wyvern (D:9)
  2 hippogriffs
  Eustachio (D:8)
  3 hungry ghosts
  Grum (D:9)
  Edmund (D:7)
  A manticore (D:8)
  A wyvern skeleton (D:10)
  3 war dogs (D:9)
  2 sky beasts
  5 orc warriors
  5 ice beasts
  8 ogres
  2 phantoms
  Duvessa (D:8)
  6 centaurs
  The ghost of Broomstick the Vexing, an average DjEn (D:3)
  A big kobold (D:10)
  8 giant frogs
  3 giant frog skeletons
  7 water moccasin zombies (Ossuary)
  A water moccasin (D:10)
  A centaur skeleton (D:10)
  A yak simulacrum (D:11)
  A killer bee zombie (D:11)
  11 wights
  6 crimson imps
  2 big kobold zombies (Ossuary)
  An ogre zombie (D:9)
  4 goliath beetles
  Dowan (D:8)
  2 big fish (D:3)
  A big kobold skeleton (D:9)
  5 quasits
  2 hounds
  An iron imp (D:8)
  5 scorpions
  9 orc priests
  2 hound skeletons
  6 worker ants
  An iguana (D:10)
  9 orc wizards
  Jessica (D:2)
  A worm zombie (D:5)
  2 mummies (Ossuary)
  11 adders
  A lemure (D:8)
  4 adder zombies (Ossuary)
  An iguana zombie (D:8)
  An inept feature mimic (D:6)
  2 worms (D:4)
  3 white imps (D:8)
  A bat skeleton (D:5)
  3 gnoll zombies (Ossuary)
  2 giant eyeballs
  A gnoll skeleton (D:6)
  An ooze (D:1)
  31 orcs
  16 bats
  7 giant cockroaches
  16 hobgoblins
  20 jackals
  21 kobolds
  8 quokkas
  A ball python (D:1)
  A giant newt (D:2)
  8 goblins
  4 hobgoblin zombies (Ossuary)
  A kobold skeleton (D:6)
  7 kobold zombies
  An orc skeleton (D:10)
  6 orc zombies (Ossuary)
  19 rats
  A rat zombie (D:6)
  3 ballistomycetes
353 creatures vanquished.

Vanquished Creatures (others)
  An adder (D:7)
  2 giant spores
  2 kobolds
  A rat (D:7)
  14 toadstools (D:3)
20 creatures vanquished.

Grand Total: 373 creatures vanquished

Notes
Turn   | Place    | Note
--------------------------------------------------------------
     0 | D:1      | Kae, the Minotaur Berserker, began the quest for the Orb.
     0 | D:1      | Reached XP level 1. HP: 19/19 MP: 0/0
   241 | D:1      | Reached XP level 2. HP: 20/26 MP: 0/0
   376 | D:1      | Reached skill level 4 in Fighting
   493 | D:1      | Acquired Trog's second power
   867 | D:1      | Reached XP level 3. HP: 31/33 MP: 1/1
  1149 | D:2      | Found a radiant altar of Vehumet.
  1433 | D:2      | Reached XP level 4. HP: 40/40 MP: 1/1
  1597 | D:2      | Noticed Jessica
  1599 | D:2      | Killed Jessica
  1599 | D:2      | Reached skill level 5 in Maces & Flails
  2338 | D:3      | Noticed Broomstick's ghost (average DjEn)
  2341 | D:3      | Killed Broomstick's ghost
  2341 | D:3      | Reached XP level 5. HP: 46/46 MP: 1/1
  2642 | D:3      | Found a glowing silver altar of Zin.
  2660 | D:3      | Found a blossoming altar of Fedhas.
  2681 | D:3      | Reached skill level 5 in Fighting
  2812 | D:3      | Noticed an oklob plant
  3199 | D:4      | Reached skill level 6 in Maces & Flails
  3199 | D:4      | Reached XP level 6. HP: 43/53 MP: 2/2
  3415 | D:4      | Gained mutation: You are surrounded by a mild repulsion field (EV +2). [potion of beneficial mutation]
  3415 | D:4      | HP: 2/53 [poisoned by a scorpion]
  3727 | D:4      | Found a staircase to the Ecumenical Temple.
  3988 | Temple   | Entered the Ecumenical Temple
  4038 | D:5      | Entered Level 5 of the Dungeon
  4061 | D:5      | Acquired Trog's third power
  4155 | D:5      | Reached XP level 7. HP: 55/60 MP: 2/2
  4266 | D:5      | Reached skill level 7 in Maces & Flails
  4722 | D:6      | Reached skill level 5 in Armour
  4796 | D:6      | Reached XP level 8. HP: 57/69 MP: 2/2
  4884 | D:6      | Reached skill level 8 in Maces & Flails
  4954 | D:6      | Found a sand-covered staircase.
  4964 | Ossuary  | Entered an ossuary
  5013 | Ossuary  | Reached skill level 5 in Dodging
  5514 | D:6      | Paralysed by a giant eyeball for 3 turns
  5558 | D:6      | Reached skill level 9 in Maces & Flails
  5570 | D:6      | Reached XP level 9. HP: 75/75 MP: 3/3
  5917 | D:7      | Noticed Edmund
  5944 | D:7      | Killed Edmund
  6095 | D:7      | Found an iron altar of Okawaru.
  6244 | D:7      | Reached skill level 10 in Maces & Flails
  6501 | D:7      | Noticed Joseph
  6512 | D:7      | Killed Joseph
  6776 | D:8      | Noticed Dowan
  6778 | D:8      | Noticed Duvessa
  6789 | D:8      | Killed Dowan
  6793 | D:8      | Killed Duvessa
  6945 | D:8      | Reached XP level 10. HP: 85/85 MP: 3/3
  7037 | D:8      | Reached skill level 11 in Maces & Flails
  7376 | D:8      | Noticed Eustachio
  7396 | D:8      | Killed Eustachio
  7491 | D:8      | Found a burning altar of Makhleb.
  7528 | D:8      | Noticed Psyche
  8159 | D:9      | Noticed patman's ghost (experienced DECj)
  8175 | D:9      | Killed patman's ghost
  8215 | D:9      | Noticed Erolcha
  8276 | D:9      | Noticed Grum
  8284 | D:9      | Reached skill level 12 in Maces & Flails
  8292 | D:9      | Killed Grum
  8779 | D:9      | Paralysed by a giant eyeball for 3 turns
  8794 | D:9      | Paralysed by a giant eyeball for 4 turns
  9454 | D:9      | Killed Erolcha
  9533 | D:10     | Entered Level 10 of the Dungeon
  9539 | D:9      | Reached skill level 13 in Maces & Flails
  9808 | D:10     | Received a gift from Trog
 10022 | D:10     | Found a staircase to the Lair.
 10040 | D:10     | Reached skill level 10 in Fighting
 10040 | D:10     | Reached XP level 11. HP: 11/94 MP: 1/3
 10620 | D:10     | Found Sullipos' Antique Armour Emporium.
 10657 | D:10     | Bought a pair of runed boots for 33 gold pieces
 10676 | D:10     | Identified a +0 pair of boots of running (You bought it in a shop on level 10 of the Dungeon)
 10900 | D:11     | Noticed Maurice
 10916 | D:11     | Killed Maurice
 11184 | D:11     | Noticed a hill giant
 11193 | D:11     | Killed a hill giant
 11254 | D:11     | Reached skill level 10 in Armour
 11256 | D:11     | Noticed Harold
 11276 | D:11     | Killed Harold
 11276 | D:11     | Reached skill level 14 in Maces & Flails
 11744 | D:11     | Noticed Josephine
 11762 | D:11     | Killed Josephine
 11765 | D:11     | Noticed Sonja
 11776 | D:11     | Found a staircase to the Orcish Mines.
 11781 | D:11     | Blown up by an orc

Action                   |  1- 3 |  4- 6 |  7- 9 | 10-12 || total
-------------------------+-------+-------+-------+-------++-------
Melee: Mace              |    93 |   126 |   338 |   305 ||   862
       Eveningstar       |       |       |       |   133 ||   133
Invok: Berserk           |       |     3 |     6 |     9 ||    18
       Trog's Hand       |       |       |     3 |     6 ||     9
       Burn Spellbooks   |       |       |     1 |       ||     1
Evoke: Wand              |       |     2 |       |     8 ||    10
  Use: Scroll            |       |    16 |     1 |     4 ||    21
       Potion            |       |     6 |       |     1 ||     7
 Stab: Sleeping          |       |       |     2 |     1 ||     3
